 Dungeon Crawl Stone Soup version 0.29.1-13-g9f3cf754e1 (webtiles) character file.

Game seed: 14812558281619176501

17 Thatpatchoflichen the Shooter (level 2, -3/18 HPs)
             Began as a Kobold Hunter on Jan 25, 2023.
             Was a Plaything of Xom.
             Slain by an adder (4 damage)
             ... on level 2 of the Dungeon.
             The game lasted 00:03:15 (966 turns).

Thatpatchoflichen the Shooter (Kobold Hunter)        Turns: 966, Time: 00:03:16

Health: -3/18      AC:  0    Str:  8    XL:     2   Next: 80%
Magic:  2/2        EV: 15    Int: 10    God:    Xom [..*...]
Gold:   47         SH:  0    Dex: 18    Spells: 1/1 levels left

rFire   . . .      SeeInvis .   a - +0 shortbow
rCold   . . .      Faith    .   (shield currently unavailable)
rNeg    . . .      Spirit   .   (no body armour)
rPois   .          Reflect  .   (no helmet)
rElec   .          Harm     .   (no cloak)
rCorr   .          Rampage  .   (no gloves)
Will    .....                   (no boots)
Stlth   +++.......              (no amulet)
HPRegen 0.06/turn               (no ring)
MPRegen 0.08/turn               (no ring)

@: no status effects
A: small, no large weapons, nightstalker 3
a: Renounce Religion


You were on level 2 of the Dungeon.
You worshipped Xom.
You were a toy of Xom.
You visited 1 branch of the dungeon, and saw 2 of its levels.

You collected 47 gold pieces.

Inventory:

Hand Weapons
 a - a +0 shortbow (weapon)
 e - a +0 longbow
Armour
 c - a +0 leather armour
Scrolls
 b - a scroll of poison {unknown}
 f - a scroll of teleportation {unknown}
Potions
 d - a potion of degeneration {unknown}


   Skills:
 + Level 2.5 Fighting
 + Level 5.6 Ranged Weapons
 + Level 2.9 Dodging
 - Level 2.0 Stealth


You had one spell level left.
You didn't know any spells.
Your spell library was empty.

Dungeon Overview and Level Annotations

Branches:
Dungeon (2/15)

Altars:
Xom


Innate Abilities, Weirdness & Mutations

You are small and have problems with some larger weapons.
You are completely attuned to the shadows.


Message History

You kill the hobgoblin!
HP restored.
Things that are here:
a +0 dagger of electrocution; a goblin corpse
Found 7 stones.
An adder comes into view.
Fire: a) +0 shortbow
Press: ? - help, Q - select action Shift-Dir - straight line, f - adder
Aim: an adder (asleep, 98% to hit)
You shoot an arrow. The arrow hits the adder.
The adder is heavily wounded.
The adder barely misses you.
Really attack while wielding your +0 shortbow? [Y]es or [N]o only, please.
Really attack while wielding your +0 shortbow? [Y]es or [N]o only, please.
Really attack while wielding your +0 shortbow?
Okay, then.
The adder barely misses you. The adder bites you.
You are poisoned.
The adder poisons you! The adder attacks as you move away!
The adder closely misses you.
You feel sick.
You feel sick. The adder attacks as you move away! The adder misses you.
You feel sick. The adder misses you. The adder attacks as you move away!
The adder bites you.
You emit a cloud of colourful smoke!
You feel sick.
You feel sick.
You are no longer poisoned.
The adder misses you. The adder bites you.
* * * LOW HITPOINT WARNING * * *
Things that are here:
a +0 dagger of electrocution; a goblin corpse The adder attacks as you move away!
The adder bites you.
* * * LOW HITPOINT WARNING * * *
The adder bites you.
You die...

#.. ..# #.# #.#
#.#####.######
#.##.§§......#
#.....§..#.#.#
#.##.##......#######
#..(....)..........#
.....###S...######.#
##.#### #@#.## #.#
#. #.#.# #.# ..#.#
#.# #### #.#
#.###### #......#
###.##.# ####...#.#
+.......†#


You could see an adder.

Vanquished Creatures
  2 bats
  An endoplasm (D:1)
  A goblin (D:2)
  4 hobgoblins
  3 jackals (D:1)
  A ball python (D:1)
  2 frilled lizards (D:1)
  A kobold (D:1)
15 creatures vanquished.

Notes
Turn   | Place    | Note
-------+----------+-------------------------------------------
     0 | D:1      | Thatpatchoflichen the Kobold Hunter began the quest for the
                  | Orb.
     0 | D:1      | Reached XP level 1. HP: 12/12 MP: 1/1
    63 | D:1      | Found a faded altar of an unknown god.
   229 | D:1      | Reached XP level 2. HP: 16/18 MP: 2/2
   400 | D:1      | Prayed at the altar of an unknown god.
   400 | D:1      | Became a worshipper of Xom of Malevolent Giggling
   960 | D:2      | XOM: smoke on damage
   966 | D:2      | Slain by an adder

Illustrated notes

Levels and vault maps discovered:
D:1:      moated_graveyard_arrival, layout_basic,
          chequers_ecumenical_altar_twisty
D:2:      layout_loops_corners

Skill      XL: |  1  2 |
---------------+-------+-----
Stealth        | 2 |  2.0
Fighting       | |  2.5
Ranged Weapons | |  5.6
Dodging        | |  2.9

Action                   || total
-------------------------++-------
 Fire: Shortbow          ||    44
  Use: Scroll            ||     1
Armor: Leather armour    ||     7
Dodge: Dodged            ||    29
